 Dungeon Crawl Stone Soup version 0.29-a0-789-g7a8fcbc185 (webtiles) character file.

Game seed: 9288112998324024069

132 nxtlvl the Chopper (level 5, -4/49 HPs)
             Began as a Naga Gladiator on July 2, 2022.
             Slain by a gnoll
             ... wielding a +0 club
             ... led by a bouda
              (5 damage)
             ... on level 4 of the Dungeon.
             The game lasted 00:05:39 (870 turns).

nxtlvl the Chopper (Naga Gladiator)                  Turns: 870, Time: 00:05:40

Health: -4/49      AC:  5    Str: 18    XL:     5   Next: 15%
Magic:  5/5        EV:  8    Int:  9    God:
Gold:   121        SH:  0    Dex: 12    Spells: 4/4 levels left

rFire   . . .      SeeInvis +   a - +0 war axe
rCold   + . .      Faith    .   (no shield)
rNeg    . . .      Spirit   .   l - +0 scale mail
rPois   +          Reflect  .   c - +0 helmet
rElec   .          Harm     .   (no cloak)
rCorr   .          Rampage  .   (no gloves)
Will    .....                   (no barding)
Stlth   ..........              (no amulet)
HPRegen 0.16/turn               i - ring of protection from cold
MPRegen 0.09/turn               (no ring)

@: very slow
A: AC +1, large, see invisible, deformed body, poison resistance, slowness 2,
spit poison 1, naga tail 1
a: Spit Poison


You were on level 4 of the Dungeon.
You visited 1 branch of the dungeon, and saw 4 of its levels.

You collected 121 gold pieces.

Inventory:

Hand Weapons
 a - a +0 war axe (weapon)
Missiles
 d - 3 throwing nets (quivered)
 e - 6 javelins
 s - 4 poisoned darts
Armour
 c - a +0 helmet (worn)
 l - a +0 scale mail (worn)
Jewellery
 i - a ring of protection from cold (left hand)
 j - a ring of fire
Wands
 k - a wand of iceblast (8)
 u - a wand of digging (8)
Scrolls
 b - 3 scrolls of noise {unknown}
 f - a scroll of vulnerability {unknown}
 g - a scroll of identify {unknown}
 o - a scroll of enchant weapon {unknown}
 q - 2 scrolls of blinking {unknown}
Potions
 h - a potion of heal wounds
 m - a potion of flight {unknown}
 n - 2 potions of lignification {unknown}
 p - a potion of resistance {unknown}
 r - a potion of might {unknown}
 t - a potion of curing


   Skills:
 + Level 3.3 Fighting
 * Level 4.9 Axes
 - Level 1.7 Throwing
 - Level 2.4 Dodging


You had 4 spell levels left.
You didn't know any spells.
Your spell library was empty.

Dungeon Overview and Level Annotations

Branches:
Dungeon (4/15)
 Temple: D:4-7

Altars:


Innate Abilities, Weirdness & Mutations

Your serpentine skin is tough. (AC +1)
You have supernaturally acute eyesight. (SInv)
Armour fits poorly on your strangely shaped body.
Your system is resistant to poisons. (rPois)
You cover ground very slowly.
You can spit poison.
You have a snake-like lower body.


Message History

Okay, then.
You hit the bouda.
The bouda is heavily wounded.
The bouda hits you with a +0 whip.
You barely miss the bouda.
The bouda is heavily wounded.
The bouda barely misses you.
You closely miss the bouda.
The bouda is heavily wounded.
The bouda barely misses you.
You closely miss the bouda.
The bouda is heavily wounded.
The bouda hits you with a +0 whip!
You barely miss the bouda.
The bouda is heavily wounded.
Your attacks no longer feel as feeble.
The bouda hits you with a +0 whip! The bouda hits you with a +0 whip.
You barely miss the bouda.
The bouda is heavily wounded.
The bouda gazes fiercely through you!
You feel your attacks grow feeble. The bouda hits you but does no damage.
You slash the bouda!
The bouda is severely wounded.
The bouda calls upon its god to heal the gnoll.
The gnoll's wounds heal themselves!
You hit the bouda but do no damage.
The bouda is severely wounded.
The bouda hits you with a +0 whip.
You hit the bouda.
The bouda is almost dead.
The bouda hits you with a +0 whip!
* * * LOW HITPOINT WARNING * * *
The bouda hits you with a +0 whip!
* * * LOW HITPOINT WARNING * * *
You slash the bouda!
You kill the bouda!
Your attacks no longer feel as feeble.
The gnoll is no longer moving quickly.
The gnoll hits you with a +0 club.
You die...

...).........####...#.######
###.#.......## ##.##.#
#.##....### ######.# #
#.###...# #......# # #.#
##'## #.###### # #.# ### #.#
# #.# #.# # #.# #.# . #@# ##
#g# # #..).# #.#### #


You could see a gnoll.

Vanquished Creatures
  A phantom (D:4)
  A bouda (D:4)
  A gnoll (D:4)
  2 adders
  A dart slug (D:3)
  4 orcs (D:3)
  2 ball pythons
  2 bats
  2 endoplasms
  A giant cockroach (D:1)
  2 goblins
  3 hobgoblins (D:3)
  A frilled lizard (D:2)
  A kobold (D:4)
  5 rats
29 creatures vanquished.

Vanquished Creatures (others)
  4 plants (D:3)
4 creatures vanquished.

Grand Total: 33 creatures vanquished

Notes
Turn   | Place    | Note
-------+----------+-------------------------------------------
     0 | D:1      | nxtlvl the Naga Gladiator began the quest for the Orb.
     0 | D:1      | Reached XP level 1. HP: 19/19 MP: 1/1
    78 | D:1      | Reached XP level 2. HP: 18/26 MP: 2/2
    84 | D:1      | Found a faded altar of an unknown god.
   413 | D:3      | Reached XP level 3. HP: 13/33 MP: 3/3
   651 | D:3      | Reached skill level 4 in Axes
   840 | D:4      | Noticed a phantom
   845 | D:4      | Killed a phantom
   846 | D:4      | Reached XP level 4. HP: 40/42 MP: 4/4
   846 | D:4      | Reached XP level 5. HP: 46/49 MP: 5/5
   869 | D:4      | HP: 1/49 [bouda/+0 whip (7)]
   870 | D:4      | Slain by a gnoll

Illustrated notes

Levels and vault maps discovered:
D:1:      eino_arrival_cavern_b, layout_basic,
          hellmonk_ecumenical_altar_run_dry, minmay_misc_feat_cross
D:2:      layout_basic, minmay_fountain_box
D:3:      cheibrodos_old_hovel, layout_loops_ring
D:4:      layout_loops_corners, chequers_temple_overflow_minitemple,
          minmay_temple_entry_gardened_gates

Skill      XL: |  1  2  3 |
---------------+----------+-----
Axes           | 4 |  4.9
Fighting       | 3 |  3.3
Throwing       | |  1.7
Dodging        | |  2.4

Action                   |  1- 3 |  4- 6 || total
-------------------------+-------+-------++-------
Melee: War axe           |    87 |    16 ||   103
       Punch             |     1 |       ||     1
 Abil: Spit Poison       |    14 |       ||    14
  Use: Potion            |       |     1 ||     1
Armor: Leather armour    |    26 |       ||    26
       Scale mail        |    14 |     1 ||    15
Dodge: Dodged            |    53 |     4 ||    57

Table legend: (Time is in decaauts)
 A = Elapsed time spent in this place.
 B = Non-inter-level travel time spent in this place.
 C = Inter-level travel time spent in this place.
 D = Time resting spent in this place.
 E = Time spent auto-exploring this place.
 F = Levels seen in this place.
 G = Mean time per level.
                   A        B        C        D        E       F      G
               +--------+--------+--------+--------+--------+-----+--------+
         Total |   1180 |   1151 |     29 |      0 |     52 |   4 |  295.0 |
       Dungeon |   1180 |   1151 |     29 |      0 |     52 |   4 |  295.0 |
               +--------+--------+--------+--------+--------+-----+--------+

Top non-repeatable levels by time:
     D:3: 531 daAuts
     D:2: 401 daAuts
     D:1: 130 daAuts
     D:4: 116 daAuts
